 Dungeon Crawl Stone Soup version 0.31-a0-364-gb59cdcccf2 (webtiles) character file.

Game seed: 12707075124606995009

70 mopl the Trooper (level 4, -1/35 HPs)
             Began as a Demonspawn Fighter on July 26, 2023.
             Killed from afar by an orc wizard (10 damage)
             ... with a magic dart
             ... on level 2 of the Dungeon on July 27, 2023.
             The game lasted 00:01:32 (898 turns).

mopl the Trooper (Demonspawn Fighter)                Turns: 898, Time: 00:01:33

Health: -1/35      AC:  6    Str: 19    XL:     4   Next: 4%
Magic:  4/4        EV:  9    Int:  9    God:
Gold:   119        SH:  8    Dex: 12    Spells: 3/3 levels left

rFire   . . .        a - +0 war axe
rCold   . . .        c - +0 buckler
rNeg    . . .        b - +0 scale mail
rPois   .            (no helmet)
rElec   .            (no cloak)
rCorr   .            (no gloves)
SInv    .            (no boots)
Will    .....        (no amulet) Stlth
                     (no ring)
HPRegen 0.25/turn    (no ring)
MPRegen 0.09/turn

%: no passive effects
@: no status effects
A: condensation shield, demonic touch 1
a: no special abilities


You were on level 2 of the Dungeon.
You visited 1 branch of the dungeon, and saw 2 of its levels.

You collected 119 gold pieces.

Inventory:

Hand Weapons
 a - a +0 war axe (weapon)
Armour
 b - a +0 scale mail (worn)
 c - a +0 buckler (worn)
Scrolls
 e - a scroll of blinking {unknown}
 f - a scroll of enchant weapon {unknown}
Potions
 d - 3 potions of might
 g - a potion of brilliance
 h - a potion of resistance
 i - a potion of curing


   Skills:
 + Level 3.4 Fighting
 * Level 2.8 Axes
 + Level 3.1 Armour
 + Level 1.2 Dodging
 - Level 2.6 Shields


You had 3 spell levels left.
You didn't know any spells.
Your spell library was empty.

Dungeon Overview and Level Annotations

Branches:
Dungeon (2/15)

Altars:


Innate Abilities, Weirdness & Mutations

A meltable shield of frost defends you. (SH +4)
Your touch may inflict minor irresistible damage on your foes.


Message History

You hit the orc.
You kill the orc!
You feel sick.
You are no longer poisoned.
The orc hits you but does no damage.
You have reached level 4!
You feel stronger.
Your demonic ancestry asserts itself...
Your hands begin to faintly glow with unholy energy.
You closely miss the orc. The orc hits you but does no damage.
You slash the orc!
You kill the orc!
Unknown command.
The orc closely misses you.
You hit the orc.
The orc is severely wounded.
The orc hits you but does no damage.
You hit something but do no damage. You block the orc's attack.
Something hits you.
You hit something.
The orc hits you from afar with a +0 trident.
Something hits you.
You hit something. You block the orc's attack. Something hits you.
The orc hits you but does no damage. Something hits you.
You closely miss something. The orc barely misses you.
You hear some strange, mumbled words.
Something tries to affect you, but you resist.
You hit something but do no damage. Something hits you but does no damage.
The orc hits you from afar with a +0 trident!
* * * LOW HITPOINT WARNING * * *
You miss something. You block the orc's attack.
Something hits you but does no damage. x2; The orc closely misses you.
You hit something. You block the orc's attack. Something hits you.
* * * LOW HITPOINT WARNING * * *
You miss something. The orc barely misses you. Something completely misses you.
You block something's attack. The orc hits you but does no damage.
You hit something. The orc closely misses you.
You hear some strange, mumbled words.
A magic dart appears from out of thin air!
The magic dart hits you!
You die...

############# .#
##.#.#...#.#.### #.##
...#...#...#...## ...
.#...#.#.#...#..##<.#
.#...#.#.#...#...#..#
...#...#...#...#@#..###.#
.#.#.#...#.#.###{#.......
.#############:.o.)......
....# .......#.###...
...## ........#... ..##
##...##.##### .## #...
..# ## #.. ### # ##.


You could see an orc.

Vanquished Creatures
  An adder (D:2)
  A dart slug (D:1)
  2 orcs (D:2)
  8 ball pythons (D:1)
  6 endoplasms
  2 goblins (D:1)
  17 jackals (D:1)
  5 kobolds (D:1)
  A quokka (D:1)
  2 bats (D:1)
  3 frilled lizards (D:1)
  2 rats (D:1)
50 creatures vanquished.

Notes
Turn   | Place    | Note
-------+----------+-------------------------------------------
     0 | D:1      | mopl the Demonspawn Fighter began the quest for the Orb.
     0 | D:1      | Reached XP level 1. HP: 18/18 MP: 1/1
    57 | D:1      | Reached skill level 2 in Axes
    79 | D:1      | Gained mutation: A meltable shield of frost defends you.
                  | (SH +4) [demonic ancestry]
    79 | D:1      | Reached XP level 2. HP: 19/24 MP: 2/2
   198 | D:1      | Reached XP level 3. HP: 27/29 MP: 3/3
   232 | D:1      | Upgraded the game from 0.31-a0-360-gb3e1d13bf4 to
                  | 0.31-a0-364-gb59cdcccf2
   236 | D:1      | Reached skill level 3 in Armour
   241 | D:1      | Reached skill level 1 in Dodging
   883 | D:2      | Gained mutation: Your touch may inflict minor irresistible
                  | damage on your foes. [demonic ancestry]
   883 | D:2      | Reached XP level 4. HP: 24/35 MP: 4/4
   898 | D:2      | Killed from afar by an orc wizard

Illustrated notes

Levels and vault maps discovered:
D:1:      lightli_arrival_flooded_house, layout_basic, minmay_misc_feat_columns
D:2:      layout_loops_corners, serial_rivers, chequers_serial_rivers_micro_a,
          chequers_serial_rivers_micro_d, chequers_serial_rivers_small_a,
          chequers_serial_rivers_room_b, chequers_serial_rivers_room_b,
          minmay_crystal_water, minmay_misc_feat_alley

Skill      XL: |  1  2  3 |
---------------+----------+-----
Axes           | 2 |  2.8
Armour         | 3 |  3.1
Dodging        | 1 |  1.2
Fighting       | |  3.4
Shields        | |  2.6

Action                     |  1- 3 |  4- 6 || total
---------------------------+-------+-------++-------
  Melee: War axe           |   109 |    12 ||   121
    Use: Scroll            |     3 |       ||     3
 Armour: Scale mail        |    64 |     7 ||    71
  Dodge: Dodged            |    55 |     6 ||    61
  Block: Buckler           |    61 |     5 ||    66

Table legend: (Time is in decaauts)
 A = Elapsed time spent in this place.
 B = Non-inter-level travel time spent in this place.
 C = Inter-level travel time spent in this place.
 D = Time resting spent in this place.
 E = Time spent auto-exploring this place.
 F = Levels seen in this place.
 G = Mean time per level.
                   A        B        C        D        E       F      G
               +--------+--------+--------+--------+--------+-----+--------+
         Total |    947 |    925 |     22 |      0 |    671 |   2 |  473.5 |
       Dungeon |    947 |    925 |     22 |      0 |    671 |   2 |  473.5 |
               +--------+--------+--------+--------+--------+-----+--------+

Top non-repeatable levels by time:
     D:1: 842 daAuts
     D:2: 105 daAuts
